AoeStats
← chewie1706

Arena

510322351Analyzed
4v4 RM · 13h ago on Sep 30, 2026· 38m 51s· 8 players
Game mode
Random Map
Map size
Large (8 player)
Population
200
Speed
Normal
Resources
Standard
Victory
Conquest
Starting age
Dark Age
Ending age
Imperial Age
RankedLock teamsTeams togetherTeam positionsShared explorationLock speedFull tech treeHidden civsTurbo modeCheats
Victory
Defeat
🇨🇭 Berbers · Switzerland
1760
+9
🇭🇰 Huns · Hong Kong SAR China
1714
+11
🇪🇨 Dravidians · Ecuador
1672
+13
🇬🇧 Saxons · United Kingdom
1657
+14
🇫🇷 Wu · France
1734
-16
🇫🇷 Ethiopians · France
1702
-15
🇫🇷 Wei · France
1548
-10
🇫🇷 Teutons · France
1427
-6
JustAGecko
10:05 Feudal Age
13:37 Castle Age
11:55 Double-Bit Axe
12:24 Horse Collar
20:03 Wheelbarrow
20:23 Bow Saw
22:38 Hand Cart
22:53 Heavy Plow
23:18 Gold Mining
23:20 Stone Mining
24:15 Town Watch
24:15 Loom
29:04 Imperial Age
27:10 Scale Mail Armor
27:20 Forging
28:01 Gold Shaft Mining
28:36 Chain Mail Armor
28:22 Squires
28:07 Arson
28:52 Pikeman
29:23 Shield Wall
30:34 Plate Mail Armor
29:32 Halberdier
30:42 Masonry
31:43 Two-Man Saw
31:14 Crop Rotation
31:20 Conscription
31:44 Iron Casting
31:53 Elite Hearth Troop
34:20 Siege Engineers
33:42 Onager
35:56 Chemistry
38:05 Architecture
[BÜN] Mr. Grüezi
10:54 Feudal Age
10:49 Loom
11:27 Double-Bit Axe
11:32 Town Watch
12:26 Fletching
20:34 Castle Age
19:20 Stone Mining
20:37 Horse Collar
20:49 Gold Mining
21:19 Bodkin Arrow
21:49 Bow Saw
22:27 Heavy Plow
23:21 Wheelbarrow
27:36 Hand Cart
32:41 Imperial Age
30:25 Padded Archer Armor
30:57 Kasbah
31:58 Leather Archer Armor
32:07 Treadmill Crane
33:25 Thumb Ring
33:51 Conscription
33:58 Masonry
35:00 Chemistry
35:47 Hoardings
36:26 Ballistics
35:33 Elite Camel Archer
37:18 Elite Genitour
Kaladin Stormblessed
11:19 Feudal Age
12:20 Double-Bit Axe
12:16 Horse Collar
12:50 Horse Collar
15:17 Castle Age
16:15 Bow Saw
16:06 Heavy Plow
22:00 Wheelbarrow
23:12 Hand Cart
24:17 Loom
27:55 Imperial Age
25:37 Fletching
25:55 Gold Mining
26:34 Bodkin Arrow
26:32 Town Watch
27:07 Padded Archer Armor
27:11 Stone Mining
28:27 Ballistics
28:55 Bracer
30:15 Chemistry
29:59 Husbandry
30:15 Leather Archer Armor
30:15 Elite Elephant Archer
31:39 Ring Archer Armor
32:01 Thumb Ring
33:43 Conscription
33:33 Medical Corps
38:11 Scale Barding Armor
38:16 Forging
38:43 Guilds
38:11 Light Cavalry
Nagasaki Anon
10:17 Feudal Age
13:59 Castle Age
11:47 Double-Bit Axe
12:32 Horse Collar
15:27 Wheelbarrow
21:34 Heavy Plow
22:25 Stone Mining
23:01 Bow Saw
22:57 Stone Mining
23:22 Gold Mining
24:22 Hand Cart
24:54 Loom
28:32 Imperial Age
26:32 Scale Barding Armor
27:02 Forging
26:58 Marauders
27:18 Bloodlines
27:13 Husbandry
28:07 Chain Barding Armor
28:41 Iron Casting
28:31 Town Watch
29:58 Plate Barding Armor
28:49 Capped Ram
30:03 Elite Tarkan
32:52 Blast Furnace
31:42 Fletching
32:38 Coinage
32:42 Thumb Ring
32:38 Padded Archer Armor
36:27 Banking
37:46 Guilds
38:15 Conscription
37:16 Crossbowman
38:22 Parthian Tactics
37:19 Heavy Cavalry Archer
37:55 Bodkin Arrow
38:16 Leather Archer Armor
39:19 Bracer
40:20 Chemistry
AGS.Eratuss
10:25 Feudal Age
14:01 Castle Age
11:58 Horse Collar
12:31 Double-Bit Axe
17:16 Bow Saw
18:36 Loom
20:03 Heavy Plow
22:32 Wheelbarrow
22:46 Stone Mining
22:50 Gold Mining
22:58 Town Watch
25:51 Hand Cart
29:31 Imperial Age
27:31 Fletching
28:04 Ballistics
28:08 Bodkin Arrow
28:14 Padded Archer Armor
28:45 Murder Holes
29:44 Leather Archer Armor
29:36 Red Cliffs Tactics
30:42 Masonry
31:35 Chemistry
30:18 Elite Fire Archer
31:07 Bracer
33:29 Sitting Tiger
33:50 Conscription
37:05 Scale Mail Armor
37:16 Forging
37:27 Squires
37:13 Arson
36:58 Heavy Scorpion
AGS.BlackKnight
9:45 Feudal Age
13:38 Castle Age
11:31 Horse Collar
11:38 Double-Bit Axe
15:59 Bow Saw
16:58 Heavy Plow
16:54 Loom
21:06 Wheelbarrow
22:41 Gold Mining
22:45 Loom
23:15 Hand Cart
23:15 Loom
23:16 Town Watch
26:56 Imperial Age
24:13 Town Watch
24:43 Scale Mail Armor
24:54 Forging
25:53 Chain Mail Armor
25:30 Fletching
25:52 Masonry
27:18 Squires
28:11 Iron Casting
28:05 Ballistics
28:55 Chemistry
27:20 Halberdier
29:31 Two-Man Saw
29:30 Plate Mail Armor
30:56 Siege Engineers
31:26 Conscription
32:34 Ballistics
32:45 Architecture
32:17 Stone Mining
32:20 Heavy Scorpion
34:10 Blast Furnace
33:30 Arson
34:32 Gold Shaft Mining
34:20 Bodkin Arrow
AGS.Sylvatica
9:56 Feudal Age
13:58 Castle Age
12:18 Double-Bit Axe
13:24 Horse Collar
19:58 Loom
21:00 Town Watch
22:10 Bow Saw
23:23 Wheelbarrow
23:34 Heavy Plow
27:49 Imperial Age
25:39 Hand Cart
26:03 Loom
27:33 Bloodlines
27:46 Scale Barding Armor
27:51 Forging
30:00 Chemistry
28:32 Cavalier
29:34 Chain Barding Armor
30:35 Iron Casting
31:36 Two-Man Saw
31:32 Plate Barding Armor
32:15 Plate Barding Armor
33:34 Ballistics
33:59 Heavy Scorpion
37:32 Siege Engineers
chewie1706
5:03 Loom
7:56 Feudal Age
9:00 Double-Bit Axe
9:48 Fletching
13:07 Horse Collar
17:31 Wheelbarrow
16:56 Town Watch
21:48 Castle Age
20:29 Stone Mining
20:33 Gold Mining
22:27 Bodkin Arrow
22:46 Bow Saw
22:37 Heavy Plow
31:43 Scale Barding Armor
32:07 Forging
32:49 Gold Shaft Mining
35:04 Imperial Age
33:11 Chain Barding Armor
33:53 Husbandry
34:04 Bloodlines
35:01 Stone Shaft Mining
35:13 Iron Casting
36:53 Blast Furnace
35:31 Elite Tiger Cavalry
Connection lost

Rejoining the realm…

Still unreachable

The connection could not be restored.

Session expired

The server has moved on; the page needs a fresh start.